 Dungeon Crawl Stone Soup version 0.29-a0-553-g81b289dbe5 (webtiles) character file.

Game seed: 7793008333144884126

130 shadowstone the Shield-Bearer (level 5, 0/33 HPs)
             Began as a Gargoyle Fighter on June 6, 2022.
             Was an Initiate of Kikubaaqudgha.
             Slain by an adder (2 damage)
             ... on level 5 of the Dungeon.
             The game lasted 00:09:12 (1855 turns).

shadowstone the Shield-Bearer (Gargoyle Fighter)    Turns: 1855, Time: 00:09:13

Health: 0/33       AC: 12    Str: 21    XL:     5   Next: 14%
Magic:  5/5        EV:  9    Int:  9    God:    Kikubaaqudgha [......]
Gold:   150        SH:  4    Dex:  9    Spells: 4/4 levels left

rFire   . . .      SeeInvis .   f - +0 dagger (venom)
rCold   . . .      Faith    .   c - +0 buckler
rNeg    + . .      Spirit   .   b - +0 scale mail
rPois   ∞          Reflect  .   q - +0 helmet
rElec   +          Harm     .   (no cloak)
rCorr   .          Rampage  .   (no gloves)
Will    .....                   (no boots)
Stlth   ..........              (no amulet)
HPRegen 0.11/turn               (no ring)
MPRegen 0.09/turn               (no ring)

@: no status effects
A: sickness immunity, AC +4, negative energy resistance 1, electricity
resistance, torment resistance 1, petrification resistance
a: Renounce Religion


You were on level 5 of the Dungeon.
You worshipped Kikubaaqudgha.
Kikubaaqudgha was noncommittal.
You visited 1 branch of the dungeon, and saw 5 of its levels.

You collected 150 gold pieces.

Inventory:

Hand Weapons
 a - a +0 trident
 f - a +0 dagger of venom (weapon)
 r - the +6 hunting sling of the Gloaming {flame, Will+ Str+2 Int-2 Dex+3}
   (You found it on level 4 of the Dungeon)

   Any ammunition fired from it burns those it strikes, dealing additional fire
   damage.
   Str:       It affects your strength (+2).
   Int:       It affects your intelligence (-2).
   Dex:       It affects your dexterity (+3).
   Will:      It increases your willpower.
Armour
 b - a +0 scale mail (worn)
 c - a +0 buckler (worn)
 k - a +2 pair of boots of flying
 q - a +0 helmet (worn)
Scrolls
 g - a scroll of teleportation {unknown}
 i - a scroll of immolation {unknown}
 j - 2 scrolls of fear {unknown}
Potions
 d - a potion of might
 e - a potion of attraction {unknown}
 h - a potion of mutation {unknown}
 l - a potion of haste {unknown}
 m - a potion of lignification {unknown}
 n - 2 potions of curing {unknown}
 o - a potion of degeneration {unknown}
 p - a potion of resistance {unknown}
 s - a potion of flight {unknown}


   Skills:
 + Level 3.7 Fighting
 + Level 1.4 Short Blades
 + Level 1.8 Polearms
 + Level 4.3 Armour
 + Level 0.6 Dodging
 + Level 0.1 Stealth
 + Level 4.4 Shields


You had 4 spell levels left.
You didn't know any spells.
Your spell library contained the following spells:

 Spells                   Type           Power      Damage    Failure   Level
 Necrotize                Necr           0%         1d4       80%         1
 Gell's Gravitas          Tloc           0%         N/A       99%         3
 Teleport Other           Tloc           0%         N/A       99%         3
 Petrify                  Tmut/Erth      0%         N/A       100%        4
 Irradiate                Conj/Tmut      0%         3d13      100%        5
 Dispersal                Tloc           0%         N/A       100%        6
 Sublimation of Blood     Necr           Unusable   N/A       N/A         2

Dungeon Overview and Level Annotations

Branches:
Dungeon (5/15)
 Temple: D:4-7

Altars:
Kikubaaqudgha
Sif Muna
Vehumet


Innate Abilities, Weirdness & Mutations

You are immune to sickness and miasma.
Your stone body is resilient. (AC +4)
You are immune to poison.
You resist negative energy. (rN+)
You are resistant to electric shocks. (rElec)
You are resistant to unholy torment.
You are immune to petrification.


Message History

The phantom hits you but does no damage.
You hit the phantom.
The phantom is moderately damaged.
The adder bites you but does no damage. The phantom hits you.
You closely miss the phantom.
The phantom is moderately damaged.
The adder closely misses you. The phantom hits you.
* * * LOW HITPOINT WARNING * * *
You hit the phantom.
The phantom is moderately damaged.
The adder bites you.
* * * LOW HITPOINT WARNING * * *
The phantom hits you but does no damage.
You closely miss the phantom.
The phantom is moderately damaged.
You block the adder's attack. x2
The phantom hits you but does no damage.
You closely miss the phantom.
The phantom is moderately damaged.
The adder bites you but does no damage.
You completely miss the phantom.
The phantom is moderately damaged.
The phantom barely misses you. The adder bites you but does no damage.
You barely miss the phantom.
The phantom is moderately damaged.
The phantom hits you.
* * * LOW HITPOINT WARNING * * *
The phantom blinks!
You blink.
You hit the phantom but do no damage.
The phantom is moderately damaged.
The phantom barely misses you.
You hit the phantom but do no damage.
The phantom is moderately damaged.
The phantom hits you.
* * * LOW HITPOINT WARNING * * *
You hit the phantom but do no damage.
The phantom is moderately damaged.
The phantom barely misses you. The adder bites you.
You die...
Kikubaaqudgha rasps: "You have failed me!
Welcome... oblivion!"

#. ###.### #. #.....#
#.###.###.#
#.....#################
#####.##...............
#######..?#.§.#...#...#..
..?......................
###########...#WS.#...#..
#....)@.........
################


You could see a phantom and an adder.

Vanquished Creatures
  A scorpion (D:4)
  3 adders
  A worm (D:2)
  3 orcs (D:3)
  6 bats
  3 endoplasms
  2 giant cockroaches (D:3)
  6 goblins
  4 hobgoblins
  A quokka (D:2)
  3 ball pythons
  2 frilled lizards
  3 kobolds
  5 rats
43 creatures vanquished.

Vanquished Creatures (others)
  5 plants (D:1)
5 creatures vanquished.

Grand Total: 48 creatures vanquished

Notes
Turn   | Place    | Note
-------+----------+-------------------------------------------
     0 | D:1      | shadowstone the Gargoyle Fighter began the quest for the
                  | Orb.
     0 | D:1      | Reached XP level 1. HP: 14/14 MP: 1/1
   118 | D:1      | Reached XP level 2. HP: 15/19 MP: 2/2
   477 | D:2      | Upgraded the game from 0.29-a0-551-gffc1d7fb78 to
                  | 0.29-a0-553-g81b289dbe5
   931 | D:2      | Reached XP level 3. HP: 19/23 MP: 3/3
  1184 | D:3      | Reached XP level 4. HP: 28/28 MP: 4/4
  1207 | D:3      | Reached skill level 1 in Short Blades
  1240 | D:3      | Found a radiant altar of Vehumet.
  1243 | D:3      | Found an ancient bone altar of Kikubaaqudgha.
  1244 | D:3      | Found a shimmering blue altar of Sif Muna.
  1252 | D:3      | Got Kikubaaqudgha's Disquisition on Unholy Magic
  1254 | D:3      | Became a worshipper of Kikubaaqudgha
  1600 | D:4      | Identified the +6 hunting sling of the Gloaming {flame,
                  | Will+ Str+2 Int-2 Dex+3}
  1678 | D:4      | Noticed a scorpion
  1704 | D:4      | Killed a scorpion
  1705 | D:4      | Reached XP level 5. HP: 22/33 MP: 5/5
  1762 | D:5      | Entered Level 5 of the Dungeon
  1786 | D:5      | Noticed a phantom
  1855 | D:5      | Slain by an adder

Illustrated notes

Levels and vault maps discovered:
D:1:      lightli_arrival_flooded_house, layout_rooms,
          hellmonk_ecumenical_altar_arch_garden, minivault_14, minivault_24,
          st_stairs_5
D:2:      layout_basic, minivault_24
D:3:      layout_rooms, grunt_temple_overflow_magic_moments,
          gup_sewer_entry_bowl
D:4:      layout_basic, mainiacjoe_overflow_six_doors_small, uniq_robin
D:5:      layout_loops_ring, lemuel_coloured_pillars_altar,
          dreamdust_princess_corridor

Skill      XL: |  1  2  3  4 |
---------------+-------------+-----
Armour         | 4 |  4.3
Shields        | 4 |  4.4
Short Blades   | 1 |  1.4
Fighting       | |  3.7
Polearms       | |  1.8
Dodging        | |  0.6
Stealth        | |  0.1

Action                   |  1- 3 |  4- 6 || total
-------------------------+-------+-------++-------
Melee: Trident           |    36 |       ||    36
       Dagger            |    85 |   115 ||   200
Armor: Scale mail        |   105 |    98 ||   203
Dodge: Dodged            |    67 |    94 ||   161
Block: Buckler           |    39 |    31 ||    70

Table legend: (Time is in decaauts)
 A = Elapsed time spent in this place.
 B = Non-inter-level travel time spent in this place.
 C = Inter-level travel time spent in this place.
 D = Time resting spent in this place.
 E = Time spent auto-exploring this place.
 F = Levels seen in this place.
 G = Mean time per level.
                   A        B        C        D        E       F      G
               +--------+--------+--------+--------+--------+-----+--------+
         Total |   1865 |   1838 |     27 |    111 |     77 |   5 |  373.0 |
       Dungeon |   1865 |   1838 |     27 |    111 |     77 |   5 |  373.0 |
               +--------+--------+--------+--------+--------+-----+--------+

Top non-repeatable levels by time:
     D:2: 1038 daAuts
     D:3: 361 daAuts
     D:1: 188 daAuts
     D:4: 186 daAuts
     D:5: 90 daAuts
